 Dungeon Crawl Stone Soup version 0.18.1-48-g4cf74bf (webtiles) character file.

85 Inkary the Chopper (level 4, -10/41 HPs)
             Began as a Hill Orc Berserker on Aug 26, 2016.
             Was a Believer of Trog.
             Mangled by Sigmund
             ... wielding a +0 scythe
              (11 damage)
             ... on level 2 of the Dungeon.
             The game lasted 00:02:20 (1810 turns).

Inkary the Chopper (Hill Orc Berserker)             Turns: 1810, Time: 00:02:21

Health: -10/41     AC:  6    Str: 19    XL:     4   Next: 48%
Magic:  4/4        EV: 11    Int:  7    God:    Trog [**....]
Gold:   120        SH:  0    Dex: 11    Spells: 0 memorised, 3 levels left

rFire  . . .     SeeInvis .     a - +0 hand axe
rCold  . . .     Gourm    .     e - +0 ring mail
rNeg   . . .     Faith    .     (no shield)
rPois  .         Spirit   .     (no helmet)
rElec  .         Dismiss  .     (no cloak)
rCorr  .         Reflect  .     h - +0 pair of gloves
SustAt .         Harm     .     (no boots)
MR     .....                    (no amulet)
Stlth  ..........               (no ring)
                                (no ring)

@: confused, exhausted, slowed, very slow, not resistant to hostile
enchantments, extremely unstealthy
A: no striking features
a: Berserk, Trog's Hand, Burn Spellbooks, Renounce Religion


You were on level 2 of the Dungeon.
You worshipped Trog.
Trog was pleased with you.
You were hungry.

You visited 1 branch of the dungeon, and saw 3 of its levels.

You collected 120 gold pieces.

Inventory:

Hand Weapons
 a - a +0 hand axe (weapon)
Armour
 e - a +0 ring mail (worn)
 h - a +0 pair of gloves (worn)
Jewellery
 d - an uncursed amulet of the gourmand {unknown}
Wands
 j - a wand of paralysis (14/24)
Scrolls
 f - 2 scrolls of identify {unknown}
 g - 3 scrolls of amnesia {unknown}
 k - a scroll of fear {unknown}
 l - a scroll of magic mapping {unknown}
Potions
 b - a potion of invisibility {unknown}
Comestibles
 c - a bread ration
 i - 3 chunks of flesh


   Skills:
 + Level 4.4 Fighting
 + Level 4.7 Axes
 + Level 3.1 Armour
 + Level 2.3 Dodging


You had 3 spell levels left.
You didn't know any spells.

Dungeon Overview and Level Annotations

Branches:
Dungeon (3/15)

Altars:
Gozag

Annotations:
D:2 Sigmund


Message History

You are feeling hungry.
Something hits you but does no damage.
You bump into the rock wall.
You hear some strange, mumbled words.
You are more confused.
Something hits you! Something hits you! Something hits you.
* * * LOW HITPOINT WARNING * * *
You miss something. Something hits you.
* * * LOW HITPOINT WARNING * * *
Something hits you but does no damage.
You're too confused!
You hit something but do no damage. Something hits you.
* * * LOW HITPOINT WARNING * * *
Something hits you but does no damage.
You hear some strange, mumbled words.
Something tries to affect you, but you resist.
Something hits you!
You die...

#.##########(...#
.. ............#
########### #.
#######.#'###
....##....# #.
#.#.# .....#.##.#
#. #.#.#
.....#.##.#
#.#########.#.#####
..........#
#..................
.....#.##.#
#......###########
..##.#.####
#@.......# ..##.#.#
#..{...#.# ..##.#.#
#.?...<#.# #
.......#
#.........# # ##
>###.###
####.......... ##.
.# #.#
#..........$. ##..
.# #.#
#.######......##...
.# #.# #.#
#######8.8# .# #.#
#.# ##.##


There were no monsters in sight!

Vanquished Creatures
  Natasha (D:2)
  2 adders (D:2)
  2 worms (D:2)
  2 bats
  2 giant cockroaches
  A goblin (D:1)
  9 hobgoblins
  3 jackals (D:1)
  A quokka (D:2)
  3 ball pythons
  2 giant newts
  3 kobolds (D:1)
  5 rats
36 creatures vanquished.

Notes
Turn   | Place    | Note
--------------------------------------------------------------
     0 | D:1      | Inkary the Hill Orc Berserker began the quest for the Orb.
     0 | D:1      | Reached XP level 1. HP: 19/19 MP: 1/1
    68 | D:1      | Reached XP level 2. HP: 16/27 MP: 2/2
   877 | D:2      | Reached ** piety under Trog
   877 | D:2      | Reached XP level 3. HP: 27/33 MP: 3/3
   963 | D:2      | Found an opulent altar of Gozag.
  1345 | D:2      | Noticed Natasha
  1350 | D:2      | Killed Natasha
  1350 | D:2      | Reached XP level 4. HP: 27/40 MP: 4/4
  1473 | D:2      | You fall through a shaft!
  1526 | D:2      | Noticed Sigmund
  1535 | D:2      | HP: 2/41 [Sigmund/magic dart (8)]
  1808 | D:2      | HP: 1/41 [something (3)]
  1810 | D:2      | Mangled by Sigmund

Skill      XL: |  1  2  3  4 |
---------------+-------------+-----
Fighting       | 4 |  4.4
Dodging        | 2 |  2.3
Armour         | 3 |  3.1
Axes           | |  4.7

Action                   |  1- 3 |  4- 6 || total
-------------------------+-------+-------++-------
Melee: Hand axe          |   102 |    25 ||   127
Invok: Trog's Hand       |     2 |     2 ||     4
       Berserk           |     1 |     2 ||     3
  Use: Potion            |       |     2 ||     2
  Eat: Chunk             |     2 |     4 ||     6
Armor: Animal skin       |     5 |       ||     5
       Ring mail         |    16 |     9 ||    25
Dodge: Dodged            |    41 |    14 ||    55
